 Dungeon Crawl Stone Soup version 0.31-a0-986-g5e6e4ef867 (webtiles) character file.

Game seed: 15059829294370725299

1010 testman the Tainted (level 8, -5/60 (61) HPs)
             Began as a Demonspawn Shapeshifter on Aug 12, 2023.
             Was an Initiate of Yredelemnul.
             Slain by a wight
             ... wielding a +0 scimitar
              (12 damage)
             ... on level 6 of the Dungeon on Nov 3, 2023.
             The game lasted 00:14:58 (5313 turns).

testman the Tainted (Demonspawn Shapeshifter)       Turns: 5313, Time: 00:14:59

HP:   -5/60 (61)    AC:  4    Str: 18    XL:     8   Next: 1%
MP:   21/21         EV: 12    Int: 10    God:    Yredelemnul [......]
Gold: 266           SH:  0    Dex: 13    Spells: 7/7 levels left

rFire   . .          .
                       - Unarmed
rCold   . . .        (no shield)
rNeg    . . .        a - +0 animal skin
rPois   .            (helmet currently unavailable)
rElec   .            (cloak currently unavailable)
rCorr   .            (gloves currently unavailable)
SInv    .            (boots currently unavailable)
Will    .....        n - amulet of magic regeneration
Stlth   +            t - ring of magical power
HPRegen 0.30/turn    (no ring)
MPRegen 0.57/turn

%: no passive effects
@: beast-form, lightly drained
A: beast (slay +2), thin metallic scales 1, demonic guardian 2, demonic touch 1
a: Begin Untransformation, Renounce Religion, Recall Undead Harvest


You were on level 6 of the Dungeon.
You worshipped Yredelemnul.
Yredelemnul was noncommittal.
You were a hulking beast.
You visited 1 branch of the dungeon, and saw 6 of its levels.

You collected 266 gold pieces.

Inventory:

Missiles
 j - 5 boomerangs
Armour
 a - a +0 animal skin (worn)
 p - a +2 helmet
 x - a +0 pair of gloves
Jewellery
 n - an amulet of magic regeneration (around neck)
 t - a ring of magical power (left hand)
Talismans
 c - a beast talisman
 d - a flux talisman
Wands
 q - a wand of light (5)
 u - a wand of polymorph (11)
 w - a wand of charming (8)
Scrolls
 e - 5 scrolls of identify {unknown}
 f - a scroll of fear {unknown}
 g - 2 scrolls of noise {unknown}
 h - 3 scrolls of vulnerability {unknown}
 k - 3 scrolls of teleportation {unknown}
 m - 2 scrolls of fog {unknown}
 o - a scroll of enchant weapon {unknown}
 r - a scroll of amnesia {unknown}
Potions
 b - 2 potions of lignification
 i - 6 potions of curing {unknown}
 l - 2 potions of heal wounds {unknown}
 s - a potion of berserk rage {unknown}
 v - a potion of mutation {unknown}
 z - a potion of enlightenment {unknown}


   Skills:
 + Level 4.6 Fighting
 - Level 2.0 Dodging
 + Level 5.0 Unarmed Combat
 + Level 5.5 Invocations
 + Level 4.9 Shapeshifting


You had 7 spell levels left.
You didn't know any spells.
Your spell library contained the following spells:

 Spells                   Type           Power      Damage    Failure   Level
 Freeze                   Ice            0%         1d3       36%         1
 Scorch                   Fire           0%         2d5       50%         2
 Sublimation of Blood     Necr           0%         N/A       50%         2
 Frozen Ramparts          Ice            0%         1d1       75%         3
 Hailstorm                Conj/Ice       0%         3d3       75%         3
 Flame Wave               Conj/Fire      0%         2d4       98%         4
 Petrify                  Tmut/Erth      0%         N/A       98%         4
 Irradiate                Conj/Tmut      0%         3d11      100%        5
 Summon Cactus Giant      Summ           0%         N/A       100%        6


Dungeon Overview and Level Annotations

Branches:
Dungeon (6/15)
 Temple: D:4-7

Altars:
Gozag
Qazlal
Yredelemnul


Innate Abilities, Weirdness & Mutations

You are a hulking beast.
Your limbs bulge with bestial killing power. (Slay +2)
You are partially covered in thin metallic scales. (AC +2)
A demonic guardian rushes to your aid.
Your touch may inflict minor irresistible damage on your foes.


Message History

You are too injured to fight recklessly!
You are too injured to fight recklessly!
You are too injured to fight recklessly!
You hit the wight.
The wight is heavily damaged.
Your orange demon stings the wight but does no damage.
Your orange demon hits the wight.
The wight looks weaker.
Your spectral white imp misses the wight.
The wight closely misses you. The wight barely misses you.
The wight hits your orange demon with a +0 hand axe.
You hit the wight but do no damage. Your touch misses the wight.
The wight is almost destroyed.
Your orange demon closely misses the wight.
Your orange demon hits the wight.
The wight is destroyed!
Your spectral white imp hits the wight but does no damage.
The wight hits you from afar with a +0 halberd!
* * * LOW HITPOINT WARNING * * *
You feel drained.
* * * LOW HITPOINT WARNING * * *
Your Unarmed Combat skill increases to level 5!
You have reached level 8!
You feel clever.
You swap places.
Your orange demon stings the wight.
Your orange demon closely misses the wight.
Your spectral white imp closely misses the wight.
The wight barely misses your orange demon.
The wight hits your spectral white imp with a +5 halberd!
Your spectral white imp is destroyed!
There is an open door here.
Your orange demon barely misses the wight.
Your orange demon hits the wight but does no damage.
Your orc zombie barely misses the wight.
The wight hits your orange demon with a +0 halberd!
The wight misses you.
You hit the wight but do no damage.
You touch the wight!
The wight is heavily damaged.
The wight hits you with a +0 scimitar!
You die...
Your body rises from the dead as a mindless zombie.

#.## ##.###.####.#
..#####.###.........#.#
.........#.#####.##.#.#
.#####....## #.##.#.#
.....#.## #.##Z#.#
######.# #......# #.#
####Z### ##'## ###.#
#.Zh# #...# #)4z..#
#.### #.zZz...# #Z.## #
#.. .##
#.........####...## .
... ...
+.........+.......# .
... ..#
#.........####..Z## #
#.# #.# ##.......##
#....# # #.# #.#
##.....## ####Z# # #.#
#.# #.#


You could see 3 wights, a friendly orange demon (summoned), a friendly iguana
zombie and a friendly orc zombie.

Vanquished Creatures
  A black bear (D:6)
  A sky beast (D:6)
  A phantom (D:5)
  A centaur (D:5)
  A scorpion (D:5)
  2 howler monkeys
  An orc priest (D:4)
  A jelly (D:3)
  A gnoll bouda (D:5)
  5 iguanas
  An orc wizard (D:4)
  A hound zombie (D:3)
  6 gnolls
  2 adders
  A shadow imp (D:6)
  A white imp (D:6)
  2 adder skeletons (D:3)
  A worm (D:4)
  4 dart slugs
  8 orcs
  12 ball pythons
  3 bats
  5 endoplasms
  4 giant cockroaches
  3 hobgoblins (D:1)
  A jackal (D:1)
  4 kobolds
  5 quokkas
  A ball python skeleton (D:3)
  A frilled lizard (D:2)
  9 goblins
  A quokka skeleton (D:3)
  6 rats
97 creatures vanquished.

Vanquished Creatures (collateral kills)
  A wight (D:6)
  An orc priest (D:6)
  A worm (D:2)
  A ball python (D:2)
  A goblin (D:3)
  A hobgoblin (D:2)
  A jackal (D:1)
  2 frilled lizards (D:1)
  A rat (D:2)
10 creatures vanquished.

Vanquished Creatures (others)
  A spectral white imp (D:6)
  2 orc zombies (D:6)
3 creatures vanquished.

Grand Total: 110 creatures vanquished

Notes
Turn   | Place    | Note
-------+----------+-------------------------------------------
     0 | D:1      | testman the Demonspawn Shapeshifter began the quest for the
                  | Orb.
     0 | D:1      | Reached XP level 1. HP: 15/15 MP: 1/1
   246 | D:1      | Gained mutation: A weak demonic guardian rushes to your
                  | aid. [demonic ancestry]
   246 | D:1      | Reached XP level 2. HP: 21/21 MP: 2/2
   450 | D:1      | Found a faded altar of an unknown god.
   461 | D:1      | Prayed at the altar of an unknown god.
   461 | D:1      | Became a worshipper of Yredelemnul the Dark
   461 | D:1      | Reached * piety under Yredelemnul
   485 | D:1      | Reached XP level 3. HP: 25/27 MP: 3/3
  1088 | D:2      | Reached skill level 1 in Invocations
  1624 | D:2      | Found a stormy altar of Qazlal.
  1839 | D:3      | Found an opulent altar of Gozag.
  1875 | D:3      | Gained mutation: Your touch may inflict minor irresistible
                  | damage on your foes. [demonic ancestry]
  1875 | D:3      | Reached XP level 4. HP: 19/33 MP: 5/5
  2302 | D:3      | Reached ** piety under Yredelemnul
  2303 | D:3      | Gained mutation: A demonic guardian rushes to your aid.
                  | [demonic ancestry]
  2303 | D:3      | Reached XP level 5. HP: 14/39 MP: 6/6
  2745 | D:4      | Upgraded the game from 0.31-a0-532-g28f74ba3e5 to
                  | 0.31-a0-986-g5e6e4ef867
  3019 | D:4      | HP: 1/41 [orc priest/divine providence (11)]
  3022 | D:4      | Reached XP level 6. HP: 2/47 MP: 8/8
  3766 | D:5      | Entered Level 5 of the Dungeon
  4116 | D:5      | Gained mutation: You are partially covered in thin metallic
                  | scales. (AC +2) [demonic ancestry]
  4116 | D:5      | Reached XP level 7. HP: 29/53 MP: 10/10
  4772 | D:6      | Reached skill level 5 in Invocations
  4783 | D:6      | HP: 2/55 [white imp (3)]
  5311 | D:6      | Reached skill level 5 in Unarmed Combat
  5311 | D:6      | Reached XP level 8. HP: 6/60 MP: 12/12
  5313 | D:6      | Slain by a wight

Illustrated notes

Levels and vault maps discovered:
D:1:      minmay_arrival_three_doors, layout_basic, basic_ecumenical_altar,
          nrook_mini_vaults, serial_park_tiny_1, minmay_pentomino_r2
D:2:      layout_basic, basic_altar, hangedman_glass_teeth
D:3:      layout_basic, overflow_temple_1_default, serial_undead,
          serial_undead_d, serial_undead_d, serial_undead_c, serial_undead_e
D:4:      layout_loops_corners, minmay_misc_feat_rugged
D:5:      layout_loops_ring, nicolae_elyvilon_peaceful_grove
D:6:      layout_loops_corners, temple_pool_b, minivault_27

Skill      XL: |  1  2  3  4  5  6  7 |
---------------+----------------------+-----
Dodging        | 2 |  2.0
Unarmed Combat | 3 4 5 |  5.0
Shapeshifting  | 3 4 |  4.9
Fighting       | 2 3 4 |  4.6
Invocations    | 1 2 3 4 5 |  5.5

Action                     |  1- 3 |  4- 6 |  7- 9 || total
---------------------------+-------+-------+-------++-------
  Melee: Unarmed           |   116 |   125 |    52 ||   293
         Punch             |     4 |     2 |     2 ||     8
         Touch             |       |    23 |    16 ||    39
   Stab: Sleeping          |       |     3 |     1 ||     4
         Distracted        |       |     2 |       ||     2
 Armour: Animal skin       |    20 |    38 |    36 ||    94
  Dodge: Dodged            |    81 |    59 |    30 ||   170

Table legend: (Time is in decaauts)
 A = Elapsed time spent in this place.
 B = Non-inter-level travel time spent in this place.
 C = Inter-level travel time spent in this place.
 D = Time resting spent in this place.
 E = Time spent auto-exploring this place.
 F = Levels seen in this place.
 G = Mean time per level.
                   A        B        C        D        E       F      G
               +--------+--------+--------+--------+--------+-----+--------+
         Total |   5291 |   5091 |    200 |      0 |   4454 |   6 |  881.8 |
       Dungeon |   5291 |   5091 |    200 |      0 |   4454 |   6 |  881.8 |
               +--------+--------+--------+--------+--------+-----+--------+

Top non-repeatable levels by time:
     D:4: 1083 daAuts
     D:2: 977 daAuts
     D:5: 915 daAuts
     D:1: 855 daAuts
     D:3: 836 daAuts
     D:6: 622 daAuts
